 Dungeon Crawl Stone Soup version 0.23.2 (webtiles) character file.

Game seed: 13667841545228022345

1381 Fang the Skirmisher (level 8, 0/52 HPs)
             Began as a Gargoyle Berserker on Apr 4, 2019.
             Was an Elder of Trog.
             Killed from afar by an orc wizard (3 damage)
             ... with a magic dart
             ... on level 6 of the Dungeon.
             The game lasted 00:05:13 (5175 turns).

Fang the Skirmisher (Gargoyle Berserker)            Turns: 5175, Time: 00:05:13

Health: 0/52       AC: 17    Str: 22    XL:     8   Next: 67%
Magic:  8/8        EV:  9    Int: 12    God:    Trog [****..]
Gold:   590        SH:  0    Dex:  9    Spells: 7/7 levels left

rFire    . . .     SeeInvis .   a - +0 war axe
rCold    . . .     Gourm    .   (no shield)
rNeg     + . .     Faith    .   b - +0 chain mail
rPois    ∞         Spirit   .   s - +0 helmet {Int+3}
rElec    +         Reflect  .   (no cloak)
rCorr    .         Harm     .   (no gloves)
MR       .....                  (no boots)
Stlth    ..........             (no amulet)
HPRegen  0.17/turn              (no ring)
MPRegen  0.11/turn              (no ring)

@: berserk cooldown, slowed, very slow
A: negative energy resistance 1, electricity resistance, unbreathing,
petrification resistance, rot immunity, AC +5
a: Berserk, Trog's Hand, Brothers in Arms, Renounce Religion


You were on level 6 of the Dungeon.
You worshipped Trog.
Trog was greatly pleased with you.
You were hungry.

You visited 2 branches of the dungeon, and saw 7 of its levels.

You collected 590 gold pieces.

Inventory:

Hand Weapons
 a - a +0 war axe (weapon)
Armour
 b - a +0 chain mail (worn)
 s - a +0 helmet of intelligence (worn)
Wands
 t - a wand of flame (12)
 x - a wand of disintegration (12)
Scrolls
 d - 4 scrolls of remove curse
 e - 3 scrolls of identify
 i - 5 scrolls of teleportation {unknown}
 k - 2 scrolls of fear {unknown}
 l - 2 scrolls of enchant weapon {unknown}
 m - 2 scrolls of amnesia {unknown}
 p - a scroll of enchant armour {unknown}
 u - a scroll of random uselessness {unknown}
 y - a scroll of magic mapping {unknown}
 A - a scroll of fog {unknown}
 B - a scroll of immolation {unknown}
Potions
 f - 2 potions of degeneration {unknown}
 g - 5 potions of heal wounds {unknown}
 h - a potion of agility {unknown}
 j - 2 potions of invisibility
 n - a potion of mutation {unknown}
 o - 2 potions of might {unknown}
 r - a potion of ambrosia {unknown}
 v - 2 potions of lignification {unknown}
 w - a potion of flight {unknown}
 z - a potion of haste {unknown}
Comestibles
 c - 12 rations


   Skills:
 + Level 6.4 Fighting
 + Level 5.4 Axes
 + Level 6.0 Armour
 + Level 4.5 Dodging


You had 7 spell levels left.
You didn't know any spells.
Your spell library was empty.

Dungeon Overview and Level Annotations

Branches:
Dungeon (6/15)             Temple (1/1) D:5

Altars:
Makhleb
Qazlal
Ru
Trog
Uskayaw
Yredelemnul


Innate Abilities, Weirdness & Mutations

You are resistant to torment.
Your stone body is resilient. (AC +5)
You are immune to poison.
You resist negative energy. (rN+)
You are resistant to electric shocks. (rElec)
You can survive without breathing.
You are immune to petrification.
You are immune to rotting.


Message History

Things that are here:
a +0 flail; an orc corpse You slash the orc!
You kill the orc!
Trog accepts your kill.
You closely miss the orc wizard. The orc wizard closely misses you.
The orc wizard hits you but does no damage.
The orc wizard hits you but does no damage.
Things that are here:
a +0 whip; an orc corpse You feel a strong urge to attack something.
You are no longer berserk.
You are exhausted.
You feel yourself slow down. The orc wizard barely misses you.
You closely miss the orc wizard.
The orc wizard hits you but does no damage.
The orc wizard points at you and mumbles some strange words.
The magic dart hits you.
You die...

.# .# ######### .#
#.......# .#
#.#####)# .#
#.#####.##### .#
#.........).. ##.#
############# #@.#
# #o## # #.# #
##)################
#?)....><..........
#..###############.
#.)# #. #..# #.
#..# #.


You could see an orc wizard.

Vanquished Creatures
  2 ogres
  A centaur (D:6)
  A big kobold (D:4)
  2 bullfrogs (D:6)
  Blork the orc (D:4)
  A water moccasin zombie (D:5)
  A scorpion (D:4)
  3 wights (D:6)
  A howler monkey (D:4)
  A bullfrog zombie (D:6)
  4 hounds
  2 centaur skeletons (D:4)
  3 orc wizards
  3 worker ants
  Robin (D:3)
  6 adders
  A shadow imp (D:5)
  An ooze (D:3)
  6 worms
  6 dart slugs
  6 leopard geckos
  16 orcs
  2 ball pythons
  6 giant cockroaches
  14 goblins
  11 hobgoblins
  5 jackals (D:1)
  2 quokkas
  10 bats
  5 frilled lizards
  9 kobolds
  A leopard gecko skeleton (D:4)
  A quokka zombie (D:6)
  7 rats
142 creatures vanquished.

Vanquished Creatures (others)
  An adder skeleton (D:3)
1 creature vanquished.

Grand Total: 143 creatures vanquished

Notes
Turn   | Place    | Note
-------+----------+-------------------------------------------
     0 | D:1      | Fang the Gargoyle Berserker began the quest for the Orb.
     0 | D:1      | Reached XP level 1. HP: 14/14 MP: 1/1
    26 | D:1      | Reached XP level 2. HP: 2/19 MP: 2/2
   406 | D:1      | Reached XP level 3. HP: 20/23 MP: 3/3
   499 | D:1      | Reached ** piety under Trog
  1192 | D:2      | Reached XP level 4. HP: 28/29 MP: 4/4
  1407 | D:2      | Found a sacrificial altar of Ru.
  2022 | D:3      | Noticed Robin
  2030 | D:3      | Reached XP level 5. HP: 26/33 MP: 5/5
  2037 | D:3      | Reached *** piety under Trog
  2040 | D:3      | Killed Robin
  2922 | D:4      | Noticed Blork the orc
  2931 | D:4      | Killed Blork the orc
  2931 | D:4      | Reached XP level 6. HP: 30/39 MP: 6/6
  3333 | D:4      | Reached skill level 5 in Fighting
  3333 | D:4      | Reached XP level 7. HP: 16/44 MP: 7/7
  3819 | D:4      | Found a burning altar of Makhleb.
  4023 | D:4      | Reached **** piety under Trog
  4087 | D:4      | Reached skill level 5 in Armour
  4206 | D:5      | Entered Level 5 of the Dungeon
  4244 | D:5      | Found a staircase to the Ecumenical Temple.
  4274 | D:5      | Found a stormy altar of Qazlal.
  4305 | D:5      | Found a bloodstained altar of Trog.
  4371 | D:5      | Reached XP level 8. HP: 49/51 MP: 8/8
  4529 | Temple   | Entered the Ecumenical Temple
  4873 | D:6      | Reached skill level 5 in Axes
  5165 | D:6      | HP: 3/78 [ogre/+0 giant club (14)]
  5175 | D:6      | Killed from afar by an orc wizard

Skill      XL: |  1  2  3  4  5  6  7  8 |
---------------+-------------------------+-----
Axes           | 3 4 5 |  5.4
Dodging        | 2 3 4 |  4.5
Armour         | 3 4 5 6 |  6.0
Fighting       | 4 5 6 |  6.4

Action                   |  1- 3 |  4- 6 |  7- 9 || total
-------------------------+-------+-------+-------++-------
Melee: Hand axe          |    97 |   250 |       ||   347
       War axe           |       |    18 |   198 ||   216
Invok: Berserk           |     1 |     2 |     1 ||     4
       Trog's Hand       |       |     1 |       ||     1
  Use: Scroll            |       |       |     2 ||     2
  Eat: Chunk             |     1 |    11 |     6 ||    18
Armor: Animal skin       |    39 |       |       ||    39
       Chain mail        |     5 |   215 |   152 ||   372
Dodge: Dodged            |    69 |   154 |   113 ||   336
